 Dungeon Crawl Stone Soup version 0.22.1-5-g62c59d919a (webtiles) character file.

77905 Riddle the Warrior (level 15, -7/131 HPs)
             Began as a Mummy Chaos Knight on Jan 15, 2019.
             Mangled by a tarantella (12 damage)
             ... on level 2 of the Spider Nest on Jan 16, 2019.
             The game lasted 01:44:23 (38578 turns).

Riddle the Warrior (Mummy Chaos Knight)            Turns: 38578, Time: 01:44:24

Health: -7/131     AC: 22    Str: 21    XL:     15   Next: 16%
Magic:  0/24       EV:  5    Int: 15    God:    Xom [...*..]
Gold:   3581       SH: 16    Dex: 13    Spells: 14/14 levels left

rFire    . . .     SeeInvis +   G - +9 short sword of Articulation {flame, Fragile +Blink Int+4}
rCold    + + .     Gourm    .   F - +2 shield
rNeg     + + +     Faith    .   V - +4 plate armour {rC+}
rPois    ∞         Spirit   +   m - +0 helmet {SInv}
rElec    +         Reflect  +   j - scarf {Spirit}
rCorr    .         Harm     .   Q - +1 pair of gloves
MR       +....                  w - +0 pair of boots
Stlth    ..........             B - +3 amulet of reflection
HPRegen  0.31/turn              e - ring of protection from fire
MPRegen  0.19/turn              N - ring of Kopejad {rElec MP+9 SInv}

@: no status effects
A: no food or potions, fire vulnerability, cold resistance 1, negative energy
resistance 3, torment resistance, unbreathing, in touch with death 1
a: Renounce Religion, Evoke Blink


You were on level 2 of the Spider Nest.
You worshipped Xom.
You were a favourite toy of Xom.
You were not hungry.

You visited 3 branches of the dungeon, and saw 21 of its levels.
You visited the Abyss 1 time.
You also visited: Labyrinth and Volcano.

You collected 4646 gold pieces.
You spent 1065 gold pieces at shops.

Inventory:

Hand Weapons
 f - a +2 falchion of slicing
 G - the +9 short sword of Articulation (weapon) {flame, Fragile +Blink Int+4}
   (You took it off a minotaur in a labyrinth)

   It has been specially enchanted to burn those struck by it, causing extra
   injury to most foes and up to half again as much damage against particularly
   susceptible opponents.
   It affects your intelligence (+4).
   It lets you blink.
   It will be destroyed if unequipped.
Missiles
 b - a throwing net (quivered)
Armour
 j - a scarf of spirit shield (worn)
 m - a +0 helmet of see invisible (worn)
 w - a +0 pair of boots (worn)
 F - a +2 shield (worn)
 Q - a +1 pair of gloves (worn)
 V - a +4 plate armour of cold resistance (worn)
Jewellery
 a - a cursed ring of see invisible {unknown}
 e - a ring of protection from fire (left hand)
 i - a +4 ring of strength
 s - an uncursed ring of poison resistance {unknown}
 u - a +4 ring of slaying
 z - a +5 ring of slaying
 B - a +3 amulet of reflection (around neck)
 D - a +4 ring of strength
 E - an uncursed ring of flight
 H - an uncursed ring of wizardry
 I - an uncursed ring of teleportation
 K - an uncursed ring of poison resistance {unknown}
 N - the ring of Kopejad (right hand) {rElec MP+9 SInv}
   (Xom gifted it to you on level 1 of the Lair of Beasts)

   [ring of see invisible]

   It insulates you from electricity.
   It affects your magic capacity (+9).
   It lets you see invisible.
 T - an uncursed ring of fire {unknown}
Wands
 n - a wand of flame (170)
 q - a wand of polymorph (34)
 t - a wand of paralysis (52)
 y - a wand of acid (14)
 C - a wand of enslavement (15)
 L - a wand of digging (18)
 O - a wand of iceblast (2)
 R - a wand of clouds (11)
 U - a wand of disintegration (14)
Scrolls
 c - 13 scrolls of remove curse
 d - 2 scrolls of magic mapping
 g - 12 scrolls of enchant weapon {unknown}
 h - 5 scrolls of teleportation
 k - 14 scrolls of identify
 l - 4 scrolls of amnesia {unknown}
 o - 6 scrolls of fog
 p - 5 scrolls of immolation
 r - 2 scrolls of fear {unknown}
 v - 4 scrolls of holy word {unknown}
 x - 5 scrolls of enchant armour {unknown}
 A - 3 scrolls of random uselessness {unknown}
 P - a scroll of noise {unknown}
 S - 2 scrolls of summoning {unknown}
 W - a scroll of blinking
Miscellaneous
 J - a box of beasts
 M - a phial of floods


   Skills:
 + Level 16.2 Fighting
 - Level 9.7(12.0) Short Blades
 - Level 11.7(12.9) Long Blades
   Level 2.4 Axes
 + Level 7.3 Armour
 - Level 0.7 Dodging
 + Level 7.0 Shields


You had 14 spell levels left.
You didn't know any spells.
Your spell library contained the following spells:

 Spells                   Type           Power        Failure   Level  Hunger
 Animate Skeleton         Necr           N/A          100%        1    N/A
 Confusing Touch          Hex            #.....       100%        1    N/A
 Corona                   Hex            #......      100%        1    N/A
 Magic Dart               Conj           #...         100%        1    N/A
 Pain                     Necr           #...         100%        1    N/A
 Sandblast                Erth           #.....       100%        1    N/A
 Sting                    Conj/Pois      #...         100%        1    N/A
 Blink                    Tloc           N/A          100%        2    N/A
 Call Imp                 Summ           #.......     100%        2    N/A
 Passwall                 Tmut/Erth      #.......     100%        2    N/A
 Poisonous Vapours        Pois/Air       #.....       100%        2    N/A
 Searing Ray              Conj           #.....       100%        2    N/A
 Slow                     Hex            #.......     100%        2    N/A
 Sticks to Snakes         Tmut           #.......     100%        2    N/A
 Confuse                  Hex            #.......     100%        3    N/A
 Conjure Flame            Conj/Fire      #.......     100%        3    N/A
 Dazzling Spray           Conj/Hex       #.....       100%        3    N/A
 Gell's Gravitas          Tloc           #.........   100%        3    N/A
 Mephitic Cloud           Conj/Pois/Air  #.......     100%        3    N/A
 Stone Arrow              Conj/Erth      #.....       100%        3    N/A
 Vampiric Draining        Necr           #.........   100%        3    N/A
 Animate Dead             Necr           N/A          100%        4    N/A
 Cause Fear               Hex            #.........   100%        4    N/A
 Force Lance              Conj/Tloc      #.......     100%        4    N/A
 Fulminant Prism          Conj/Hex       #.........   100%        4    N/A
 Iskenderun's Mystic Bla  Conj           #.......     100%        4    N/A
 Olgreb's Toxic Radiance  Pois           #.......     100%        4    N/A
 Petrify                  Tmut/Erth      #.......     100%        4    N/A
 Lee's Rapid Deconstruct  Erth           #.........   100%        5    N/A
 Metabolic Englaciation   Hex/Ice        #.........   100%        5    N/A
 Venom Bolt               Conj/Pois      #.........   100%        5    N/A
 Yara's Violent Unravell  Hex/Tmut       #.........   100%        5    N/A
 Freezing Cloud           Conj/Ice/Air   #.........   100%        6    N/A
 Discord                  Hex            #.........   100%        8    N/A
 Beastly Appendage        Tmut           Unusable     N/A         1    N/A
 Regeneration             Chrm/Necr      Unusable     N/A         3    N/A
 Spider Form              Tmut/Pois      Unusable     N/A         3    N/A
 Ice Form                 Ice/Tmut       Unusable     N/A         4    N/A
 Blade Hands              Tmut           Unusable     N/A         5    N/A

Dungeon Overview and Level Annotations

Branches:
Dungeon (13/15)            Temple (0/1) D:5            Lair (6/6) D:10
 Spider (2/4) Lair:3        Slime (0/5) Lair:6          Orc (0/2) D:12
 Vaults (0/5) D:13
  Swamp: Lair:2-4    Shoals: Lair:2-4

Altars:
Ashenzari
Elyvilon
Gozag
Kikubaaqudgha
Makhleb
Okawaru
Qazlal
Ru
Vehumet
Xom
The Shining One
Jiyva

Shops:
D:6 *   D:12 (

Annotations:
D:5 Pikel
D:10 3 runed doors
Lair:2 Gastronok
Lair:3 exclusion: upstairs
Lair:6 1 runed door


Innate Abilities, Weirdness & Mutations

You do not eat or drink.
Your flesh is vulnerable to fire.
You are immune to poison.
Your flesh is cold resistant. (rC+)
You are immune to negative energy. (rN+++)
You are immune to unholy pain and torment.
You can survive without breathing.
You are in touch with the powers of death.


Message History

You hear an angry hiss.
The redback bites you but does no damage.
The tarantella bites you!!
* * * LOW HITPOINT WARNING * * *
You feel less confused. You block the redback's attack.
You block the tarantella's attack.
The redback bites you but does no damage.
The tarantella bites you but does no damage.
The tarantella bites you!
* * * LOW HITPOINT WARNING * * *
You block the redback's attack. You block the tarantella's attack.
The redback bites you but does no damage.
The tarantella rages.
The tarantella bites you but does no damage.
The redback bites you.
* * * LOW HITPOINT WARNING * * *
The tarantella bites you!
You die...
Xom chortles!

......#..##
...........##
.............#
..............#
...............#
..............####.
.....#...........≈.
.#?.....#ss@.......
.........sss#......
............^......
..)..........^.....
.........#........#
......#.<.........#
......^............
..................
.........#.^..!...


You could see 3 tarantellas and 2 redbacks.

Vanquished Creatures
  Frances (D:11)
  A minotaur (Lab)
  Josephine (D:11)
  The ghost of Fascinator the Blocker, a journeyman FoFi of the Shining One (D:10)
  6 hydras
  2 centaur warriors
  An alligator (Lair:4)
  2 dancing weapons (D:13)
  4 death yaks
  2 two-headed ogres
  A tengu warrior (D:13)
  Nergalle (D:12)
  2 unseen horrors
  3 swamp dragons (Lair:4)
  3 orb spiders (Spider:1)
  2 ugly things (Volcano)
  A moth of wrath (Spider:2)
  A wolf spider (Spider:1)
  2 cyclopes
  A manticore (D:11)
  11 elephants
  2 gargoyles (Lab)
  A centaur zombie (D:13)
  12 spiny frogs
  A rime drake (Lair:4)
  5 kobold demonologists
  4 komodo dragons
  A troll (D:11)
  A merfolk (D:12)
  8 hornets
  6 polar bears
  4 jumping spiders
  3 slime creatures
  12 hippogriffs
  Grinder (D:6)
  11 blink frogs
  A tyrant leech (Lair:2)
  A hippogriff (shapeshifter) (Lair:1)
  6 redbacks
  12 spriggans
  5 wraiths
  2 fire bats (Volcano)
  3 tarantellas
  2 shadows
  39 yaks
  4 wyverns
  2 basilisks
  5 hungry ghosts
  2 vampire mosquitoes (Lair:4)
  A steam dragon (Lair:4)
  A naga (D:10)
  4 swamp worms
  Duvessa (D:6)
  9 water moccasins
  A hell hound (Volcano)
  3 slaves (D:6)
  A swamp drake (Lair:4)
  2 black bears (Lair:6)
  11 porcupines
  3 ice beasts
  A sky beast (D:10)
  9 orc warriors
  A necrophage (D:9)
  3 phantoms
  4 boggarts (Lair:6)
  2 ogres (D:10)
  24 wolves
  8 centaurs
  12 crocodiles
  9 big kobolds
  Blork the orc (D:5)
  12 bullfrogs
  A gnoll sergeant (D:11)
  2 wyvern zombies
  7 scorpions
  Dowan (D:6)
  A water moccasin skeleton (D:7)
  12 killer bees
  A killer bee (shapeshifter) (D:10)
  8 wights
  A troll skeleton (Abyss:1)
  3 howler monkeys
  6 lava snakes
  6 crimson imps
  A bullfrog zombie (D:8)
  2 quasits
  4 jellies
  2 bullfrog skeletons
  8 orc priests
  6 hounds
  12 orc wizards
  A centaur skeleton (D:4)
  A gnoll shaman (D:9)
  8 iguanas
  Terence (D:3)
  5 worker ants
  2 hell rats (Lair:3)
  2 hound zombies (D:6)
  3 hound skeletons
  2 worker ant zombies (D:6)
  Robin (D:2)
  10 adders
  17 gnolls
  6 river rats (Lair:3)
  8 shadow imps
  An ooze (D:1)
  An adder zombie (D:7)
  3 adder skeletons
  2 worms
  2 dart slugs (D:1)
  8 leopard geckos
  61 orcs
  7 giant cockroaches
  22 goblins
  6 hobgoblins
  9 jackals
  24 kobolds
  5 quokkas
  5 bats
  4 frilled lizards
  2 leopard gecko skeletons
  A quokka skeleton (D:6)
  7 rats
649 creatures vanquished.

Vanquished Creatures (collateral kills)
  The ghost of monokles the Destroyer, a novice DsWn of Vehumet (Lair:1)
  An unseen horror (D:9)
  2 slime creatures (D:11)
  A spiny frog (Lair:1)
  A spriggan (Lair:5)
  2 ogres
  A big kobold (D:10)
  A wight (D:11)
  An orc wizard (D:2)
  A worker ant (D:5)
  2 orcs
  A leopard gecko skeleton (D:5)
15 creatures vanquished.

Vanquished Creatures (others)
  A dancing weapon (Lair:5)
  An ice beast (D:9)
  2 bushes (Lair:6)
  46 fungi
  27 plants
  3 starspawn tentacles (Abyss:1)
80 creatures vanquished.

Grand Total: 744 creatures vanquished

Notes
Turn   | Place    | Note
-------+----------+-------------------------------------------
     0 | D:1      | Riddle the Mummy Chaos Knight began the quest for the Orb.
     0 | D:1      | Reached XP level 1. HP: 18/18 MP: 1/1
    29 | D:1      | XOM: harmless Conj miscast
   146 | D:1      | XOM: divination: magic mapping
   203 | D:1      | Reached XP level 2. HP: 19/24 MP: 2/2
   253 | D:1      | XOM: butterfly on damage
   522 | D:1      | Reached skill level 4 in Fighting
   695 | D:1      | Reached XP level 3. HP: 22/30 MP: 3/3
  1054 | D:1      | XOM: harmless Erth miscast
  1101 | D:1      | XOM: divination: detect creatures
  1466 | D:2      | XOM: 1-stop teleportation journey
  1516 | D:2      | XOM: 5-stop teleportation journey
  1674 | D:2      | XOM: divination: detect creatures
  1816 | D:2      | XOM is BORED!
  1841 | D:2      | XOM: scenery: create altars
  1855 | D:2      | XOM: harmless Air miscast
  1909 | D:2      | Reached XP level 4. HP: 38/38 MP: 4/4
  1977 | D:3      | Noticed Robin
  1987 | D:2      | Reached skill level 5 in Fighting
  2171 | D:2      | Killed Robin
  2443 | D:3      | XOM: summons 3 hostile shadow creatures
  2586 | D:3      | Reached XP level 5. HP: 43/46 MP: 5/5
  2593 | D:3      | Noticed Terence
  2599 | D:3      | XOM: enchant monster (bad)
  2620 | D:3      | Killed Terence
  2620 | D:3      | Reached skill level 6 in Fighting
  2642 | D:3      | Found a sacrificial altar of Ru.
  2642 | D:3      | Found an ancient bone altar of Kikubaaqudgha.
  2642 | D:3      | Found a white marble altar of Elyvilon.
  2642 | D:3      | Found an iron altar of Okawaru.
  2642 | D:3      | Found a shattered altar of Ashenzari.
  2642 | D:3      | Found an opulent altar of Gozag.
  2642 | D:3      | Found a glowing golden altar of the Shining One.
  2642 | D:3      | XOM: 4-stop teleportation journey
  2722 | D:3      | XOM: summons 5 friendly demons
  2744 | D:2      | XOM: cast spell 'Summon Dragon'
  2934 | D:2      | XOM: 2-stop teleportation journey
  3164 | D:3      | XOM: divination: detect creatures
  3193 | D:3      | XOM is BORED!
  3602 | D:4      | Found a shimmering altar of Xom.
  3602 | D:4      | Found a radiant altar of Vehumet.
  3602 | D:4      | Found a burning altar of Makhleb.
  3602 | D:4      | XOM: 2-stop teleportation journey
  3677 | D:4      | XOM: harmless Ice miscast
  3678 | D:4      | Reached XP level 6. HP: 53/53 MP: 6/6
  4112 | D:3      | XOM: summons 2 hostile demons
  4147 | D:2      | XOM: summons 3 hostile demons
  4322 | D:2      | XOM: summons 1 hostile shadow creature
  4371 | D:2      | XOM: medium Air miscast
  4402 | D:2      | XOM: harmless Ice miscast
  4630 | D:2      | XOM: noise
  5040 | D:2      | XOM: harmless Summ miscast
  5097 | D:2      | XOM: harmless Hex miscast
  6096 | D:2      | XOM: harmless Tmut miscast
  6146 | D:2      | XOM: harmless Chrm miscast
  6364 | D:2      | XOM: noise
  6618 | D:2      | XOM: harmless Tloc miscast
  6689 | D:2      | XOM is BORED!
  6744 | D:2      | XOM: summons 1 hostile demon
  7183 | D:2      | XOM: god gift: 2710 gold pieces
  7995 | D:2      | XOM: summons 1 hostile demon
  8184 | D:3      | XOM: severe Ice miscast
  9210 | D:3      | XOM is BORED!
  9210 | D:3      | XOM: summons 3 hostile demons
  9368 | D:3      | Reached skill level 7 in Fighting
 10081 | D:5      | Entered Level 5 of the Dungeon
 10208 | D:5      | Reached skill level 1 in Long Blades
 10208 | D:5      | Reached XP level 7. HP: 60/61 MP: 5/7
 10229 | D:5      | Noticed Blork the orc
 10233 | D:5      | XOM: summons friendly iron imp
 10238 | D:5      | Killed Blork the orc
 10300 | D:5      | Reached skill level 8 in Fighting
 10463 | D:5      | Found a staircase to the Ecumenical Temple.
 10807 | D:6      | Noticed Grinder
 10810 | D:6      | XOM: cast spell 'Alistair's Intoxication'
 10813 | D:6      | XOM: confusion
 10821 | D:6      | XOM: summons friendly crimson imp
 10832 | D:6      | XOM: 5-stop teleportation journey
 10833 | D:6      | Noticed Duvessa
 10833 | D:6      | Noticed Dowan
 10833 | D:6      | XOM: swap monsters
 10836 | D:6      | Found Kiadushro's Assorted Antiques.
 11007 | D:6      | Bought a glowing plate armour for 884 gold pieces
 11040 | D:6      | XOM: noise
 11050 | D:6      | Killed Dowan
 11110 | D:6      | XOM: confusion
 11111 | D:6      | XOM: summons friendly crimson imp
 11120 | D:6      | XOM: cleaving
 11123 | D:6      | XOM: smoke on damage
 11130 | D:6      | Killed Duvessa
 11132 | D:6      | XOM: harmless Chrm miscast
 11176 | D:6      | XOM: polymorph crimson imp -> iron imp
 11258 | D:6      | Paralysed by Grinder for 3 turns
 11261 | D:6      | XOM: enchant monster (bad)
 11262 | D:6      | XOM: swap monsters
 11266 | D:6      | XOM: swap monsters
 11279 | D:6      | Killed Grinder
 11279 | D:6      | Reached XP level 8. HP: 37/70 MP: 4/8
 11376 | D:6      | XOM: harmless Conj miscast
 11425 | D:6      | XOM: mild Fire miscast
 11510 | D:6      | Reached skill level 9 in Fighting
 11551 | D:6      | Identified Loogeit's Grimoire of Congealing Enchantment
 11670 | D:6      | Noticed Pikel
 11705 | D:5      | XOM: blink monster(s)
 11714 | D:5      | XOM: medium Pois miscast
 11717 | D:5      | XOM: severe Summ miscast
 11717 | D:5      | Cast into level 1 of the Abyss (the severe capriciousness
                  | of Xom)
 11718 | Abyss:1  | Noticed a lich
 11718 | Abyss:1  | Noticed an unseen horror
 11718 | Abyss:1  | Noticed a glowing orange brain
 11719 | Abyss:1  | Noticed an efreet
 11719 | Abyss:1  | Noticed a death drake
 11725 | Abyss:1  | Noticed a tormentor
 11725 | Abyss:1  | a ynoxinul changed into a tormentor
 11725 | Abyss:1  | XOM: polymorph ynoxinul -> tormentor
 11727 | Abyss:1  | Noticed a shadow demon
 11730 | Abyss:1  | Found a corrupted altar of Lugonu.
 11747 | Abyss:1  | XOM: summons 4 hostile demons
 11773 | Abyss:1  | Noticed a starcursed mass
 11775 | Abyss:1  | Noticed a starcursed mass
 11776 | Abyss:1  | XOM: scenery: create altars
 11803 | Abyss:1  | Noticed a mana viper
 11809 | Abyss:1  | Noticed a spatial maelstrom
 11828 | Abyss:1  | Noticed a thrashing horror
 11887 | Abyss:1  | Noticed a tentacled starspawn
 11916 | Abyss:1  | XOM: summons friendly crimson imp
 11936 | Abyss:1  | Noticed a sun demon
 11937 | Abyss:1  | XOM: cast spell 'Leda's Liquefaction'
 11941 | Abyss:1  | XOM: mild Necr miscast
 11949 | Abyss:1  | Noticed a great orb of eyes
 11962 | D:5      | Escaped the Abyss
 11979 | D:5      | XOM: confusion
 11993 | D:5      | XOM: blink monster(s)
 12011 | D:5      | XOM: noise
 12013 | D:5      | XOM: chaos cloud
 12022 | D:5      | XOM: harmless Ice miscast
 12036 | D:5      | Noticed a hornet
 12036 | D:5      | a slave changed into a hornet
 12036 | D:5      | XOM: polymorph slave -> hornet
 12037 | D:5      | a hornet changed into a naga
 12047 | D:5      | Noticed a glowing shapeshifter
 12047 | D:5      | a warg changed into a glowing shapeshifter
 12047 | D:5      | a glowing shapeshifter changed into a swamp worm
 12052 | D:5      | XOM: harmless Summ miscast
 12053 | D:5      | Noticed a shining eye
 12053 | D:5      | a swamp worm changed into a shining eye
 12253 | D:4      | XOM: summons 4 hostile demons
 12550 | D:6      | XOM: swap monsters
 12566 | D:6      | XOM: chaos cloud
 12651 | D:6      | XOM: harmless Necr miscast
 12834 | D:6      | XOM: summons 2 friendly demons
 13069 | D:7      | XOM: stat loss: -1 Dex (4/12)
 13432 | D:6      | XOM: mild Conj miscast
 13432 | D:6      | XOM: smoke on damage
 13508 | D:6      | XOM: medium Fire miscast
 13508 | D:6      | XOM: smoke on damage
 13707 | D:5      | Noticed a raiju
 13725 | D:5      | XOM: summons 3 hostile demons
 13777 | D:4      | XOM: medium Tmut miscast
 13857 | D:7      | XOM: confusion
 13999 | D:7      | XOM: enchant monster (bad)
 14111 | D:7      | Found a sacrificial altar of Ru.
 14193 | D:7      | Reached skill level 5 in Long Blades
 14193 | D:7      | XOM: smoke on damage
 14196 | D:7      | XOM: smoke on damage
 14300 | D:6      | XOM: harmless Air miscast
 14335 | D:6      | XOM: divination: detect items
 14437 | D:7      | XOM: scenery: create altars
 14747 | D:7      | XOM: 1-stop teleportation journey
 14827 | D:7      | XOM: god gift: 17 stones
 14863 | D:7      | Reached skill level 10 in Fighting
 14917 | D:7      | XOM: god gift: scroll labeled WEOTOY FAN BAN {god gift}
 14978 | D:7      | Reached XP level 9. HP: 78/78 MP: 9/9
 15050 | D:8      | XOM: stealth player
 15310 | D:7      | XOM: scenery: create altars
 15338 | D:7      | XOM: polymorph orc -> kobold
 16007 | D:9      | XOM: confuse monster(s)
 16029 | D:9      | XOM: 2-stop teleportation journey
 16054 | D:9      | XOM: summons 3 hostile demons
 16299 | D:9      | Reached skill level 11 in Fighting
 16356 | D:9      | XOM: harmless Erth miscast
 16417 | D:9      | XOM: medium Necr miscast
 16453 | D:9      | XOM is BORED!
 16453 | D:9      | XOM: severe Ice miscast
 16513 | D:8      | XOM: summons 2 hostile shadow creatures
 16517 | D:8      | XOM: scenery: create altars
 16658 | D:9      | XOM: blink monster(s)
 16857 | D:9      | XOM: summons friendly ufetubus
 17111 | D:9      | XOM: scenery: create altars
 17129 | D:10     | Entered Level 10 of the Dungeon
 17130 | D:10     | Found a runed gate.
 17130 | D:10     | Found a runed gate.
 17130 | D:10     | Noticed Fascinator's ghost (journeyman FoFi)
 17130 | D:10     | Noticed a kobold demonologist
 17130 | D:10     | Noticed a kobold demonologist
 17131 | D:10     | Found a runed gate.
 17136 | D:10     | XOM: scenery: 1 fountains blood, 3 doors open
 17138 | D:10     | XOM: confuse monster(s)
 17461 | D:10     | XOM: fog
 17618 | D:9      | Reached XP level 10. HP: 69/88 MP: 8/10
 17845 | D:9      | Noticed an unseen horror
 17845 | D:9      | a yak changed into an unseen horror
 17845 | D:9      | XOM: polymorph yak -> unseen horror
 17850 | D:9      | XOM: confuse monster(s)
 17851 | D:9      | XOM: summons 2 friendly demons
 17852 | D:9      | Killed an unseen horror
 17910 | D:9      | XOM: destruction
 18076 | D:10     | Reached skill level 12 in Fighting
 18150 | D:10     | XOM: divination: magic mapping
 18236 | D:10     | XOM: divination: magic mapping
 18295 | D:10     | XOM: 1-stop teleportation journey
 18308 | D:10     | Found a staircase to the Lair.
 18358 | D:10     | XOM: fog
 18473 | D:10     | Noticed a sun demon
 18480 | D:10     | XOM: cast spell 'Summon Horrible Things'
 18486 | D:10     | Killed Fascinator's ghost
 18651 | D:10     | Noticed a two-headed ogre
 18700 | D:10     | XOM: scenery: create altars
 18827 | D:10     | XOM: divination: detect items
 18831 | D:10     | XOM: polymorph big kobold -> naga
 18838 | D:10     | XOM: divination: magic mapping
 18846 | D:10     | XOM: confuse monster(s)
 19056 | D:10     | XOM: god gift: 14 gold pieces
 19101 | D:10     | Reached XP level 11. HP: 77/97 MP: 11/11
 19107 | D:10     | XOM: scenery: create altars
 19369 | D:10     | XOM: divination: detect creatures
 19376 | D:10     | XOM: polymorph orc wizard -> adder
 19419 | D:10     | XOM: cleaving
 19533 | D:9      | XOM: harmless Tloc miscast
 19594 | D:9      | XOM: divination: magic mapping
 19647 | D:10     | Reached skill level 13 in Fighting
 19747 | D:11     | XOM: harmless Conj miscast
 19755 | D:11     | XOM: 1-stop teleportation journey
 19774 | D:11     | XOM: 5-stop teleportation journey
 19834 | D:11     | XOM: fog
 19897 | D:11     | XOM: 2-stop teleportation journey
 20184 | D:11     | XOM: confusion
 20272 | D:11     | XOM: harmless Air miscast
 20569 | D:11     | XOM: summons friendly quasit
 20624 | D:11     | XOM: destruction
 20656 | D:11     | XOM: blink monster(s)
 20662 | D:11     | XOM: potion effect (agility)
 20865 | D:11     | XOM: silly message
 21034 | D:11     | XOM: divination: detect items
 21061 | D:11     | XOM: potion effect (experience)
 21061 | D:11     | Reached skill level 5 in Armour
 21061 | D:11     | Reached XP level 12. HP: 105/105 MP: 12/12
 21071 | D:11     | Reached skill level 10 in Long Blades
 21135 | D:11     | XOM: divination: detect creatures
 21168 | D:12     | Noticed Nergalle
 21174 | D:12     | Noticed Josephine
 21175 | D:12     | Killed Nergalle
 21203 | D:11     | Killed Josephine
 21380 | D:11     | XOM: medium Tloc miscast
 21564 | D:12     | XOM: repel stairs
 21565 | D:12     | XOM: confuse monster(s)
 21574 | D:12     | XOM: swap monsters
 21581 | D:12     | Reached skill level 14 in Fighting
 21648 | D:12     | XOM: medium Ice miscast
 21656 | D:12     | Noticed a two-headed ogre
 21713 | D:12     | Noticed a centaur warrior
 21746 | D:11     | XOM: swap monsters
 21750 | D:11     | XOM: summons friendly shadow imp
 21751 | D:11     | XOM: enchant monster (good)
 21756 | D:11     | Killed a centaur warrior
 21773 | D:11     | XOM: scenery: create altars
 21777 | D:11     | XOM: summons 7 friendly demons
 21847 | D:11     | XOM: scenery: create altars
 22154 | D:12     | Noticed Frances
 22156 | D:12     | XOM: god gift: hand axe {god gift}
 22158 | D:12     | XOM: enchant monster (good)
 22358 | D:12     | XOM: scenery: create altars
 22390 | D:11     | XOM: god gift: 48 gold pieces
 22407 | D:11     | HP: 5/107 [Frances/mace (16)]
 22407 | D:11     | XOM: smoke on damage
 22508 | D:9      | XOM: god gift: book of Necromancy
 22786 | D:10     | Killed a two-headed ogre
 22956 | D:12     | Found a stormy altar of Qazlal.
 22959 | D:12     | Found a staircase to the Orcish Mines.
 23047 | D:12     | Killed a two-headed ogre
 23186 | D:12     | Gained mutation: You are in touch with the powers of death.
                  | [Mummy growth]
 23186 | D:12     | Reached XP level 13. HP: 113/114 MP: 13/13
 23303 | D:12     | Found Ewuthro's Weapon Boutique.
 23308 | D:12     | Bought a +2 falchion of slicing for 181 gold pieces
 23431 | D:13     | XOM: noise
 23436 | D:13     | XOM: fog
 23453 | D:13     | XOM: god gift: hand axe {god gift}
 23586 | D:13     | Found a gate to the Vaults.
 23754 | D:13     | XOM: divine lightning
 23824 | D:13     | XOM: harmless Erth miscast
 23826 | D:13     | XOM: harmless Pois miscast
 23834 | D:13     | XOM: enchant monster (bad)
 23841 | D:13     | XOM: smoke on damage
 23906 | D:13     | Found a labyrinth entrance.
 23915 | Lab      | Entered a labyrinth
 24131 | Lab      | Reached skill level 15 in Fighting
 24220 | Lab      | XOM: stat loss: -1 Dex (12/13)
 25627 | Lab      | Noticed a minotaur
 25702 | Lab      | Killed a minotaur
 25738 | Lab      | Got an ancient short sword {flame}
 25759 | Lab      | Identified the +9 short sword of Articulation {flame,
                  | Fragile +Blink Int+4} (You took it off a minotaur in a
                  | labyrinth)
 25986 | D:13     | Reached skill level 1 in Short Blades
 26142 | D:11     | Killed Frances
 26290 | Lair:1   | Entered Level 1 of the Lair of Beasts
 26535 | Lair:1   | XOM: harmless Hex miscast
 26563 | Lair:1   | Found a runed door.
 26564 | Lair:1   | Noticed monokles's ghost (novice DsWn)
 26566 | Lair:1   | XOM: blink monster(s)
 26577 | Lair:1   | XOM: summons 6 hostile demons
 26586 | Lair:1   | XOM: polymorph polar bear -> floating eye
 26600 | Lair:1   | Paralysed by a floating eye for 2 turns
 26603 | Lair:1   | XOM: 2-stop teleportation journey
 26824 | Lair:1   | XOM: confusion (+ monsters)
 26825 | Lair:1   | XOM: harmless Hex miscast
 26890 | Lair:1   | XOM: summons 11 friendly demons
 26902 | Lair:1   | Killed monokles's ghost
 26979 | Lair:1   | XOM: scenery: create altars
 26986 | Lair:1   | XOM: god gift: scintillating jade ring {god gift}
 26987 | Lair:1   | Got a scintillating jade ring {god gift}
 26991 | Lair:1   | Identified the ring of Kopejad {rElec MP+9 SInv} (Xom
                  | gifted it to you on level 1 of the Lair of Beasts)
 27289 | Lair:1   | XOM: scenery: create altars
 27399 | Lair:2   | XOM: cast spell 'Leda's Liquefaction'
 27400 | Lair:2   | XOM: divination: detect items
 27411 | Lair:2   | XOM: confusion
 27424 | Lair:2   | XOM: enchant monster (good)
 27490 | Lair:2   | XOM: medium Erth miscast
 27874 | Lair:2   | Reached skill level 5 in Short Blades
 27894 | Lair:2   | XOM: 3-stop teleportation journey
 28021 | Lair:2   | XOM: harmless Tloc miscast
 28397 | Lair:2   | XOM: harmless Tmut miscast
 28428 | Lair:2   | Noticed Gastronok
 28468 | Lair:2   | XOM: confusion
 28485 | Lair:2   | XOM: harmless Pois miscast
 28504 | Lair:2   | XOM: mild Erth miscast
 28516 | Lair:2   | XOM: confusion
 28529 | Lair:2   | Noticed Gastronok
 28529 | Lair:2   | Gastronok changed into Gastronok the shard shrike
 28529 | Lair:2   | XOM: polymorph Gastronok -> Gastronok the shard shrike
 28806 | Lair:1   | XOM: medium Tloc miscast
 28970 | Lair:2   | XOM: medium Conj miscast
 28986 | Lair:2   | XOM: medium Tmut miscast
 29090 | Lair:3   | XOM: repel stairs
 29105 | Lair:3   | XOM: smoke on damage
 29562 | Lair:3   | Found a hole to the Spider Nest.
 29576 | Lair:3   | Reached XP level 14. HP: 122/123 MP: 14/14
 29577 | Lair:3   | XOM: noise
 29760 | Lair:3   | XOM: harmless Tloc miscast
 29834 | Lair:3   | XOM: divination: magic mapping
 29842 | Lair:3   | XOM: cleaving
 29993 | Lair:3   | XOM: cloud trail
 30252 | Lair:4   | XOM: confuse monster(s)
 30256 | Lair:4   | XOM: harmless Hex miscast
 30316 | Lair:4   | XOM: harmless Fire miscast
 30331 | Lair:4   | XOM: cloud trail
 30471 | Lair:4   | XOM: blink monster(s)
 30481 | Lair:3   | XOM: cast spell 'Alistair's Intoxication'
 30645 | Lair:3   | XOM: medium Necr miscast
 30823 | Lair:4   | XOM: medium Ice miscast
 30945 | Lair:4   | XOM: silly message
 30947 | Lair:4   | XOM: fake destruction
 31054 | Lair:4   | XOM: harmless Conj miscast
 31462 | Lair:4   | XOM: summons 4 hostile shadow creatures
 31630 | Lair:4   | XOM: divination: magic mapping
 31632 | Lair:4   | XOM: divination: detect items
 31765 | Lair:4   | XOM: divination: detect creatures
 31767 | Lair:4   | XOM: mild Fire miscast
 31950 | Lair:4   | XOM: summons 4 hostile shadow creatures
 32206 | Lair:4   | Reached skill level 5 in Shields
 32207 | Lair:4   | XOM: confusion (+ monsters)
 32303 | Lair:4   | XOM: mild Summ miscast
 32891 | Lair:5   | Found a dark tunnel.
 32897 | Volcano  | Entered a volcano
 33258 | Volcano  | Found a radiant altar of Vehumet.
 33267 | Volcano  | XOM: enchant monster (bad)
 33278 | Volcano  | XOM: medium Conj miscast
 33283 | Volcano  | XOM: medium Hex miscast
 33301 | Volcano  | HP: 1/123 [something (14)]
 33302 | Volcano  | XOM: divination: detect creatures
 33414 | Lair:5   | XOM: divination: magic mapping
 33787 | Lair:5   | XOM: scenery: 1 doors open
 33793 | Lair:5   | XOM: medium Necr miscast
 33866 | Lair:5   | XOM: harmless Hex miscast
 33886 | Lair:5   | XOM: harmless Pois miscast
 33913 | Lair:5   | XOM: divination: detect items
 34491 | Lair:5   | XOM: god gift: ring mail {god gift}
 34565 | Lair:6   | Entered Level 6 of the Lair of Beasts
 34584 | Lair:6   | XOM is BORED!
 34584 | Lair:6   | XOM: noise
 34594 | Lair:6   | XOM: mild Tmut miscast
 34597 | Lair:6   | XOM: noise
 34609 | Lair:5   | XOM: summons friendly white imp
 34618 | Lair:5   | XOM: noise
 34736 | Lair:6   | XOM: summons friendly white imp
 35206 | Lair:5   | XOM: noise
 35307 | Lair:6   | XOM: harmless Pois miscast
 35690 | Lair:5   | XOM: harmless Fire miscast
 35785 | Lair:6   | XOM: summons friendly iron imp
 36056 | Lair:6   | XOM: scenery: create altars
 36079 | Lair:6   | XOM: enchant monster (good)
 36198 | Lair:5   | XOM: fog
 36253 | Lair:5   | XOM: divination: detect creatures
 36309 | Lair:5   | XOM: summons 7 hostile demons
 36415 | Lair:5   | Reached skill level 16 in Fighting
 36727 | Lair:6   | Reached XP level 15. HP: 131/131 MP: 15/15
 36739 | Lair:6   | Found a runed door.
 36739 | Lair:6   | Found a viscous altar of Jiyva.
 36739 | Lair:6   | Found a staircase to the Slime Pits.
 36739 | Lair:6   | Noticed an acid blob
 36739 | Lair:6   | Noticed an acid blob
 36739 | Lair:6   | Noticed an acid blob
 36739 | Lair:6   | Noticed an acid blob
 36753 | Lair:6   | XOM: god gift: scale mail {god gift}
 36804 | Lair:6   | XOM: noise
 36842 | Lair:6   | XOM: medium Air miscast
 36869 | Lair:6   | XOM: 6-stop teleportation journey
 36881 | Lair:6   | XOM: polymorph elephant -> shining eye
 36883 | Lair:6   | XOM: mild Erth miscast
 37128 | Lair:6   | XOM: summons 2 hostile demons
 37762 | Spider:1 | Entered Level 1 of the Spider Nest
 37826 | Spider:1 | XOM: enchant monster (good)
 37863 | Spider:1 | XOM: summons friendly quasit
 37877 | Spider:1 | XOM: summons friendly quasit
 37897 | Spider:1 | XOM: silly message
 38434 | Spider:1 | XOM: noise
 38521 | Spider:2 | XOM: confusion (+ monsters)
 38522 | Spider:2 | XOM: confusion (+ monsters)
 38559 | Spider:2 | XOM: enchant monster (bad)
 38578 | Spider:2 | HP: 5/131 [redback (4)]
 38578 | Spider:2 | Mangled by a tarantella

Skill      XL: |  1  2  3  4  5  6  7  8  9 10 11 12 13 14 15 |
---------------+----------------------------------------------+-----
Fighting       | 4 5 6 7 8 10 11 12 13 14 15 16 | 16.2
Long Blades    | 1 3 5 7 9 11 | 11.7
Armour         | 5 6 7 |  7.3
Shields        | 4 6 7 |  7.0
Short Blades   | 7 9 |  9.7
Axes           | |  2.4
Dodging        | |  0.7

Action                   |  1- 3 |  4- 6 |  7- 9 | 10-12 | 13-15 || total
-------------------------+-------+-------+-------+-------+-------++-------
Melee: Short sword       |   217 |   174 |       |       |  1486 ||  1877
       Hand axe          |     6 |       |       |       |       ||     6
       Falchion          |       |   162 |   572 |   633 |   165 ||  1532
 Abil: Evoke Flight      |       |       |       |       |     1 ||     1
Evoke: Wand              |       |       |     9 |       |    17 ||    26
       Box of beasts     |       |       |       |       |     1 ||     1
  Use: Scroll            |       |     1 |     7 |     3 |    11 ||    22
 Stab: Confused          |       |       |     1 |     3 |     3 ||     7
       Petrified         |       |       |       |     1 |       ||     1
       Paralysed         |       |       |       |       |     1 ||     1
Armor: Leather armour    |    87 |    32 |       |       |       ||   119
       Scale mail        |       |   155 |    26 |       |       ||   181
       Plate armour      |       |       |   442 |   322 |   693 ||  1457
Dodge: Dodged            |   143 |   156 |    92 |    51 |   189 ||   631
Block: Shield            |       |   111 |   298 |   306 |  1031 ||  1746
       Reflection        |       |       |       |    13 |    20 ||    33
       Rpst.: Falchion   |       |    17 |    20 |    12 |     3 ||    52
